 Dungeon Crawl Stone Soup version 0.30.1-3-gfc49f6343a (webtiles) character file.

Game seed: 10708411092748041455

126 Heoruswealwe the Conjurer (level 4, 0/24 HPs)
             Began as a Deep Elf Conjurer on July 24, 2023.
             Slain by an iguana (12 damage)
             ... on level 4 of the Dungeon.
             The game lasted 00:23:41 (2013 turns).

Heoruswealwe the Conjurer (Deep Elf Conjurer)       Turns: 2013, Time: 00:23:41

Health: 0/24       AC:  4    Str:  4    XL:     4   Next: 83%
Magic:  2/13       EV: 12    Int: 25    God:
Gold:   214        SH:  0    Dex: 13    Spells: 3/13 levels left

rFire   . . .        a - staff of conjuration
rCold   . . .        (no shield)
rNeg    . . .        c - +1 robe of the Everdark {*Slow Will+ SInv}
rPois   .            g - +0 helmet
rElec   .            (no cloak)
rCorr   .            (no gloves)
SInv    +            (no boots)
Will    +....        (no amulet)
Stlth   ++           k - ring of wizardry
HPRegen 0.24/turn    (no ring)
MPRegen 0.13/turn

%: slow self (1%), wizardry (x1)
@: no status effects
A: no striking features
a: no special abilities


You were on level 4 of the Dungeon.
You visited 1 branch of the dungeon, and saw 4 of its levels.

You collected 214 gold pieces.

Inventory:

Hand Weapons
 b - a +0 war axe
Armour
 c - the +1 robe of the Everdark (worn) {*Slow Will+ SInv}
   (You found it on level 2 of the Dungeon)

   SInv:      It lets you see invisible.
   *Slow:     It may slow you when you take damage.
   Will:      It increases your willpower.
 g - a +0 helmet (worn)
Magical Staves
 a - a staff of conjuration (weapon)
 r - a staff of poison
Jewellery
 k - a ring of wizardry (left hand)
Scrolls
 f - a scroll of fear {unknown}
 h - 3 scrolls of enchant weapon {unknown}
 j - a scroll of poison
 l - a scroll of magic mapping {unknown}
 n - a scroll of fog {unknown}
 o - a scroll of immolation {unknown}
 s - a scroll of amnesia {unknown}
Potions
 d - a potion of invisibility
 e - 2 potions of might
 i - a potion of brilliance {unknown}
 m - a potion of curing
 p - a potion of flight {unknown}
 q - 2 potions of magic


   Skills:
 - Level 2.4 Dodging
 - Level 2.4 Stealth
 + Level 5.3 Spellcasting
 + Level 5.7 Conjurations


You had 3 spell levels left.
You knew the following spells:

 Your Spells              Type           Power      Damage    Failure   Level
a - Magic Dart            Conj           100%       1d8       1%          1
b - Searing Ray           Conj           100%       2d8       1%          2
c - Dazzling Flash        Conj/Hex       62%        N/A       3%          3
d - Fulminant Prism       Conj/Hex       15%        3d10      10%         4

Your spell library contained the following spells:

 Spells                   Type           Power      Damage    Failure   Level
 Inner Flame              Hex/Fire       6%         N/A       10%         3
 Iskenderun's Mystic Bla  Conj/Tloc      31%        2d8       10%         4
 Yara's Violent Unravell  Hex/Tmut       3%         3d4       63%         5
 Enfeeble                 Hex            3%         N/A       100%        7


Dungeon Overview and Level Annotations

Branches:
Dungeon (4/15)
 Temple: D:4-7

Altars:
Gozag
Uskayaw
Xom

Shops:
D:4 =


Message History

The iguana is lightly wounded. (Press . to maintain the ray.)
The searing ray hits the iguana!
The iguana is severely wounded.
The searing ray misses the iguana.
The iguana bites you but does no damage.
Found a scroll labelled JIGATATHUR.
You feel a surge of power!
The magic dart hits the iguana but does no damage.
The iguana is severely wounded.
The iguana bites you. The iguana attacks as you move away!
The iguana barely misses you.
Found Elilod's Jewellery Shop.
The iguana attacks as you move away! The iguana completely misses you.
You see here a scroll labelled JIGATATHUR.
s - a scroll labelled JIGATATHUR The iguana misses you.
The iguana bites you but does no damage.
The iguana attacks as you move away! The iguana closely misses you.
You feel a surge of power!
The magic dart hits the iguana but does no damage.
The iguana is severely wounded.
The iguana bites you. The iguana attacks as you move away!
The iguana completely misses you.
Found a glaive.
The iguana bites you.
Found an escape hatch in the floor.
Found a stone staircase leading down.
You feel a surge of power!
The magic dart hits the iguana.
The iguana is severely wounded.
The iguana closely misses you. The iguana attacks as you move away!
The iguana closely misses you.
An iguana comes into view.
The iguana bites you! The iguana attacks as you move away!
The iguana barely misses you. The iguana bites you.
Found a scroll of identify.
The iguana misses you. The iguana attacks as you move away!
The iguana bites you!
Ouch! That really hurt!
You die...

...................#
.................∩.#
........:..........#
...................#
l..................#
.....†.............#
.†.................#
...............l...#
##.#####.#######@###
#. #.# #.# # #.# #.#
#+# #.# #.# #.# #.#
#?#


You could see an iguana.

Vanquished Creatures
  A hound (D:4)
  3 adders
  A dart slug (D:3)
  4 orcs (D:3)
  4 ball pythons
  4 endoplasms
  4 giant cockroaches
  5 goblins
  10 hobgoblins
  3 kobolds
  5 quokkas
  9 bats
  3 frilled lizards
  3 rats
59 creatures vanquished.

Notes
Turn   | Place    | Note
-------+----------+-------------------------------------------
     0 | D:1      | Heoruswealwe the Deep Elf Conjurer began the quest for the
                  | Orb.
     0 | D:1      | Reached XP level 1. HP: 10/10 MP: 6/6
    88 | D:1      | Reached XP level 2. HP: 15/15 MP: 0/8
    91 | D:1      | Learned a level 2 spell: Searing Ray
   413 | D:1      | Reached skill level 5 in Conjurations
   413 | D:1      | Reached XP level 3. HP: 19/19 MP: 4/10
   417 | D:1      | Learned a level 3 spell: Dazzling Flash
   712 | D:2      | Found a hide-covered altar of Uskayaw.
   731 | D:2      | Identified the +1 robe of the Everdark {*Slow Will+ SInv}
   735 | D:2      | You fall into a shaft and drop 1 floor!
   909 | D:1      | You fall into a shaft and drop 1 floor!
  1138 | D:3      | Reached XP level 4. HP: 24/24 MP: 4/12
  1546 | D:3      | Learned a level 4 spell: Fulminant Prism
  1653 | D:3      | Found an opulent altar of Gozag.
  1653 | D:3      | Found a shimmering altar of Xom.
  1968 | D:4      | Reached skill level 5 in Spellcasting
  1983 | D:4      | Found Elilod's Jewellery Shop.
  2013 | D:4      | Slain by an iguana

Illustrated notes

Levels and vault maps discovered:
D:1:      lightli_arrival_quake, layout_rooms, minmay_pentomino_q2
D:2:      layout_basic, basic_altar
D:3:      layout_basic, gammafunk_temple_overflow_elements
D:4:      layout_basic, minmay_shop_enchanted_jewellery

Skill      XL: |  1  2  3  4 |
---------------+-------------+-----
Spellcasting   | 4 5 |  5.3
Conjurations   | 5 |  5.7
Dodging        | |  2.4
Stealth        | |  2.4

Action                     |  1- 3 |  4- 6 || total
---------------------------+-------+-------++-------
  Melee: Unarmed           |     7 |       ||     7
   Cast: Magic Dart        |    77 |    29 ||   106
         Searing Ray       |       |     2 ||     2
    Use: Scroll            |     6 |       ||     6
 Armour: Robe              |       |     2 ||     2
  Dodge: Dodged            |    13 |    10 ||    23
